AoeStats
← 布丁

Highland

506025264Analyzed
4v4 RM · 20d ago on Sep 12, 2026· 54m 31s· 8 players
Game mode
Random Map
Map size
Large (8 player)
Population
200
Speed
Normal
Resources
Standard
Victory
Conquest
Starting age
Dark Age
Ending age
Imperial Age
RankedLock teamsTeams togetherTeam positionsShared explorationLock speedFull tech treeHidden civsTurbo modeCheats
Victory
Defeat
🇧🇷 Japanese · Brazil
836
+14
🇨🇦 Persians · Canada
833
+14
🇧🇷 Franks · Brazil
824
+15
🇨🇦 Britons · Canada
769
+17
🇲🇽 Huns · Mexico
852
-17
🇹🇼 Goths · Taiwan
799
-20
🇲🇽 Turks · Mexico
791
-15
🇲🇽 Goths · Mexico
740
-13
eber95.nc
0:40 Loom
13:13 Feudal Age
18:56 Castle Age
17:16 Double-Bit Axe
17:36 Horse Collar
18:53 Fletching
20:35 Scale Barding Armor
28:32 Wheelbarrow
28:47 Chain Barding Armor
29:20 Caravan
30:24 Bow Saw
30:25 Bodkin Arrow
31:01 Ballistics
34:31 Imperial Age
32:33 Forging
33:58 Bloodlines
35:36 Iron Casting
35:07 Heavy Plow
36:29 Plate Barding Armor
36:22 Bracer
37:05 Hand Cart
38:07 Parthian Tactics
38:10 Heavy Cavalry Archer
39:43 Husbandry
41:43 Blast Furnace
42:52 Cavalier
42:57 Elite Tarkan
49:48 Conscription
49:30 Marauders
pulga92000
13:32 Feudal Age
19:26 Castle Age
18:48 Double-Bit Axe
28:56 Imperial Age
28:25 Bow Saw
29:10 Horse Collar
30:30 Ballistics
32:43 Two-Man Saw
32:45 Wheelbarrow
41:53 Hand Cart
46:17 Squires
47:18 Loom
48:17 Heavy Camel Rider
49:39 Gold Mining
布丁
1:26 Loom
13:56 Feudal Age
15:21 Wheelbarrow
18:11 Castle Age
18:21 Double-Bit Axe
18:25 Horse Collar
19:28 Stone Mining
21:36 Hand Cart
26:37 Bow Saw
32:59 Imperial Age
32:51 Caravan
32:55 Pikeman
33:36 Squires
34:40 Halberdier
35:27 Town Watch
36:54 Two-Man Saw
37:47 Chemistry
38:09 Scale Mail Armor
38:20 Forging
38:01 Fletching
40:28 Anarchy
41:07 Perfusion
Chakal09
15:57 Feudal Age
17:26 Loom
28:23 Castle Age
27:54 Double-Bit Axe
28:12 Horse Collar
31:12 Pikeman
33:57 Wheelbarrow
34:30 Bow Saw
37:09 Heavy Plow
38:47 Gold Mining
43:37 Imperial Age
41:46 Hand Cart
43:28 Anarchy
43:41 Halberdier
44:25 Perfusion
45:02 Elite Huskarl
thiagopri
10:56 Feudal Age
18:00 Double-Bit Axe
22:34 Castle Age
22:04 Horse Collar
23:18 Forging
23:08 Scale Mail Armor
26:51 Bow Saw
28:43 Iron Casting
28:24 Chain Mail Armor
36:28 Imperial Age
33:52 Guard Tower
34:26 Ballistics
33:51 Treadmill Crane
37:45 Elite Samurai
40:11 Pikeman
40:52 Squires
42:27 Blast Furnace
41:58 Plate Mail Armor
45:10 Kataparuto
51:36 Stone Mining
54:24 Onager
Rique
7:28 Loom
10:53 Feudal Age
19:25 Castle Age
18:11 Wheelbarrow
23:49 Horse Collar
23:56 Double-Bit Axe
27:27 Scale Barding Armor
27:33 Forging
32:55 Imperial Age
32:51 Husbandry
33:02 Bloodlines
33:22 Elite War Elephant
34:56 Iron Casting
36:30 Cavalier
37:47 Chain Barding Armor
38:29 Blast Furnace
38:26 Caravan
40:31 Savar
46:33 Plate Barding Armor
s1d
10:49 Feudal Age
11:58 Double-Bit Axe
18:00 Castle Age
17:34 Gold Mining
19:20 Bow Saw
21:14 Wheelbarrow
22:54 Gold Shaft Mining
24:45 Hand Cart
24:17 Loom
25:35 Husbandry
30:30 Imperial Age
30:07 Scale Mail Armor
30:13 Scale Barding Armor
30:18 Forging
30:38 Stone Mining
31:20 Cavalier
32:40 Squires
32:26 Arson
32:01 Pikeman
32:48 Elite Skirmisher
36:07 Paladin
39:40 Halberdier
42:38 Chivalry
50:33 Heavy Scorpion
Fritz_Hoff
10:31 Feudal Age
12:09 Double-Bit Axe
12:29 Loom
15:34 Horse Collar
15:37 Fishing Lines
18:40 Wheelbarrow
23:06 Castle Age
22:36 Gold Mining
23:51 Fletching
24:01 Padded Archer Armor
24:07 Squires
23:53 Gambesons
24:32 Heavy Plow
24:50 Bow Saw
24:12 Elite Skirmisher
25:47 Bodkin Arrow
26:54 Caravan
27:28 Treadmill Crane
29:22 Stone Mining
30:17 Fervor
29:33 Pikeman
29:39 Crossbowman
32:24 Leather Archer Armor
35:23 Imperial Age
33:39 Hand Cart
33:53 Ballistics
33:48 Scale Mail Armor
34:37 Murder Holes
35:53 Yeomen
35:51 Town Watch
36:40 Conscription
38:42 Bracer
38:54 Forging
39:28 Warwolf
41:45 Chemistry
44:08 Elite Longbowman
44:55 Halberdier
54:05 Town Patrol
Connection lost

Rejoining the realm…

Still unreachable

The connection could not be restored.

Session expired

The server has moved on; the page needs a fresh start.